 Dungeon Crawl Stone Soup version 0.32-a0-540-g866d13106e (webtiles) character file.

Game seed: 6038219118295616093

9 AutarchDCSS the Shooter (level 2, -2/20 (23) HPs)
             Began as a Barachi Hunter on Feb 28, 2024.
             Killed by nerve-wracking pain
             ... invoked by Jessica
              (7 damage)
             ... on level 2 of the Dungeon.
             The game lasted 00:01:37 (1085 turns).

AutarchDCSS the Shooter (Barachi Hunter)            Turns: 1085, Time: 00:01:37

HP:   -2/20 (23)    AC:  3    Str: 12    XL:     2   Next: 16%
MP:   2/2           EV: 12    Int:  9    God:
Gold: 18            SH:  0    Dex: 15    Spells: 1/1 levels left

rFire   . . .        a - +0 shortbow
rCold   . . .        (shield currently unavailable)
rNeg    . . .        c - +0 leather armour
rPois   .            (no helmet)
rElec   .            (no cloak)
rCorr   .            (no gloves)
SInv    .            (no boots)
Will    .....        (no amulet)
Stlth   +            (no ring)
HPRegen 0.23/turn    (no ring)
MPRegen 0.08/turn

%: no passive effects
@: unable to hop, slowed, heavily drained, very slow
A: amphibious, slowness 1, strong legs 1, +LOS
a: Hop


You were on level 2 of the Dungeon.
You visited 1 branch of the dungeon, and saw 2 of its levels.

You collected 18 gold pieces.

Inventory:

Hand Weapons
 a - a +0 shortbow (weapon)
Missiles
 d - 6 poisoned darts
Armour
 c - a +0 leather armour (worn)
Scrolls
 g - a scroll of identify {unknown}
Potions
 e - a potion of attraction {unknown}
 f - a potion of heal wounds {unknown}


   Skills:
 + Level 2.7 Fighting
 * Level 4.3 Ranged Weapons
 - Level 2.1 Dodging
 - Level 0.8 Stealth


You had one spell level left.
You didn't know any spells.
Your spell library was empty.

Dungeon Overview and Level Annotations

Branches:
Dungeon (2/15)

Altars:

Annotations:
D:2 Jessica


Innate Abilities, Weirdness & Mutations

You are amphibious.
You cover ground slowly.
You can hop short distances.
You have an extended range of vision and can be seen from far away.


Message History

Unknown command.
Hop to where?
Press: ? - help, Dir - move target, p - goblin Boing!
Your legs are too worn out to hop.
Fire: a) +0 shortbow
Press: ? - help, Q - select action, (/) - cycle Shift-Dir - straight line, f - Jessica
Aim: Jessica, wielding a +4 dagger of draining and wearing a +0 robe (heavily wounded, 62% to hit)
You shoot an arrow. The arrow completely misses the goblin.
The arrow hits Jessica but does no damage.
Jessica is heavily wounded.
Fire: a) +0 shortbow
Press: ? - help, Q - select action, (/) - cycle Shift-Dir - straight line, f/p - Jessica
Aim: Jessica, wielding a +4 dagger of draining and wearing a +0 robe (sparse dust, heavily wounded, 62% to hit)
You shoot an arrow. The arrow closely misses the goblin.
The arrow barely misses Jessica.
Jessica casts a spell at you. Pain shoots through your body!
Ouch! That really hurt!
* * * LOW HITPOINT WARNING * * *
Jessica gestures at you while chanting.
You feel yourself slow down.
Fire: a) +0 shortbow
Press: ? - help, Q - select action, (/) - cycle Shift-Dir - straight line, f/p - Jessica
Aim: Jessica, wielding a +4 dagger of draining and wearing a +0 robe (sparse dust, heavily wounded, 62% to hit)
You shoot an arrow.
The arrow hits the goblin but does no damage.
Jessica casts a spell.
Jessica blinks!
The goblin completely misses you.
Fire: a) +0 shortbow
Press: ? - help, Q - select action, (/) - cycle Shift-Dir - straight line, f/p - Jessica
Aim: Jessica, wielding a +4 dagger of draining and wearing a +0 robe (heavily wounded, 62% to hit)
You shoot an arrow.
The arrow hits Jessica but does no damage.
Jessica is heavily wounded.
The goblin hits you with a +0 dagger.
* * * LOW HITPOINT WARNING * * *
Jessica casts a spell at you. Pain shoots through your body!
You die...

#...... #########
##......# #..@..$.#
# #.......#
#..g....# .#
#.......# #...$.@.#
#.#. #.......#
#.......########...
#.......#
#.§.........##...
#......#
#<###...###.##.#
#......###.# #...#
#....# #.......##)#
#...#####..# #.
.###..........#
#....†..#..# ..


You could see Jessica and a goblin.

Vanquished Creatures
  2 giant cockroaches (D:1)
  2 goblins
  A hobgoblin (D:1)
  A bat (D:2)
  3 kobolds (D:1)
9 creatures vanquished.

Notes
Turn   | Place    | Note
-------+----------+-------------------------------------------
     0 | D:1      | AutarchDCSS the Barachi Hunter began the quest for the Orb.
     0 | D:1      | Reached XP level 1. HP: 17/17 MP: 1/1
   481 | D:1      | Reached XP level 2. HP: 23/23 MP: 2/2
   800 | D:2      | Noticed Jessica
  1085 | D:2      | Killed from afar by Jessica

Illustrated notes

Levels and vault maps discovered:
D:1:      dpeg_arrival_snail, layout_basic
D:2:      layout_basic, minmay_cupped, uniq_jessica

Action                     || total
---------------------------++-------
   Fire: Shortbow          ||    32
Ability: Hop               ||     2
    Use: Scroll            ||     1
 Armour: Leather armour    ||     5
  Dodge: Dodged            ||     3

Table legend: (Time is in decaauts)
 A = Elapsed time spent in this place.
 B = Non-inter-level travel time spent in this place.
 C = Inter-level travel time spent in this place.
 D = Time resting spent in this place.
 E = Time spent auto-exploring this place.
 F = Levels seen in this place.
 G = Mean time per level.
                   A        B        C        D        E       F      G
               +--------+--------+--------+--------+--------+-----+--------+
         Total |   1234 |   1218 |     16 |    331 |    769 |   2 |  617.0 |
       Dungeon |   1234 |   1218 |     16 |    331 |    769 |   2 |  617.0 |
               +--------+--------+--------+--------+--------+-----+--------+

Top non-repeatable levels by time:
     D:1: 1166 daAuts
     D:2: 68 daAuts
